 Dungeon Crawl Stone Soup version 0.27.1-1-g398f81649c (webtiles) character file.

Game seed: 1094861847211928057

100 zdrol the Covered (level 4, -5/41 HPs)
             Began as a Minotaur Fighter on Sept 8, 2021.
             Was a Believer of Nemelex Xobeh.
             Blown up by Ijyb (21 damage)
             ... with a mindburst bolt
             ... on level 3 of the Dungeon.
             The game lasted 00:07:43 (2172 turns).

zdrol the Covered (Minotaur Fighter)                Turns: 2172, Time: 00:07:43

Health: -5/41      AC:  8    Str: 21    XL:     4   Next: 47%
Magic:  3/3        EV:  7    Int:  5    God:    Nemelex Xobeh [**....]
Gold:   87         SH:  9    Dex: 10    Spells: 3/3 levels left

rFire    . . .     SeeInvis .   a - +0 long sword
rCold    . . .     Faith    .   c - +0 kite shield
rNeg     . . .     Spirit   .   b - +0 scale mail
rPois    .         Reflect  .   (helmet restricted)
rElec    .         Harm     .   (no cloak)
rCorr    .         Rampage  .   g - +0 pair of gloves
Will     .....                  (no boots)
Stlth    ..........             (no amulet)
HPRegen  0.13/turn              (no ring)
MPRegen  0.08/turn              (no ring)

@: mighty, flying
A: horns 2, retaliatory headbutt
a: Renounce Religion, Draw Escape, Draw Destruction, Draw Summoning


You were on level 3 of the Dungeon.
You worshipped Nemelex Xobeh.
Nemelex Xobeh was pleased with you.
You visited 1 branch of the dungeon, and saw 4 of its levels.

You collected 87 gold pieces.

Inventory:

Hand Weapons
 a - a +0 long sword (weapon)
Missiles
 j - 6 poisoned darts (quivered)
Armour
 b - a +0 scale mail (worn)
 c - a +0 kite shield (worn)
 g - a +0 pair of gloves (worn)
Scrolls
 k - a scroll of amnesia
 l - a scroll of immolation
Potions
 e - a potion of degeneration
 f - a potion of brilliance {unknown}
 h - a potion of mutation {unknown}
 i - a potion of flight
 m - a potion of haste {unknown}
 n - a potion of curing {unknown}
 o - a potion of attraction {unknown}


   Skills:
 + Level 4.3 Fighting
 + Level 2.9 Long Blades
 + Level 4.8 Armour
 + Level 0.3 Dodging
 + Level 4.6 Shields


You had 3 spell levels left.
You didn't know any spells.
Your spell library contained the following spells:

 Spells                   Type           Power      Damage    Failure   Level
 Foxfire                  Conj/Fire      0%         2x1d4     99%         1
 Conjure Flame            Conj/Fire      0%         6-21      100%        3
 Inner Flame              Hex/Fire       0%         N/A       100%        3


Dungeon Overview and Level Annotations

Branches:
Dungeon (4/15)
 Temple: D:4-7

Altars:
Nemelex Xobeh
Qazlal
Trog

Annotations:
D:3 Ijyb


Innate Abilities, Weirdness & Mutations

You have a pair of horns on your head.
You reflexively headbutt those who attack you in melee.


Message History

You see here a +0 falchion.
You see here a +0 falchion.
The kobold shouts!
A bat comes into view.
The bat barely misses you.
You riposte.
You closely miss the bat. The bat barely misses you. You furiously retaliate!
You headbutt the bat.
You kill the bat!
You see here a bat corpse.
A hobgoblin comes into view.
The hobgoblin hits you but does no damage.
You hit the hobgoblin.
You kill the hobgoblin!
A frilled lizard comes into view.
The frilled lizard hisses angrily.
The frilled lizard barely misses you.
You riposte.
You closely miss the frilled lizard.
Your headbutt misses the frilled lizard.
The frilled lizard bites you but does no damage.
You slash the frilled lizard!
You kill the frilled lizard!
You see here a frilled lizard corpse.
The kobold hits you with a +0 short sword.
You block the kobold's attack.
The kobold throws a stone.
The stone hits you but does no damage.
You hit the kobold.
You kill the kobold!
Things that are here:
a +0 short sword; 4 stones Ijyb the Twisted Goblin comes into view.
She is wielding a +0 dagger of flaming and carrying a wand of mindburst (11).
Ijyb zaps a wand.
Your mind is blasted!
Ouch! That really hurt!
It was a potion of flight.
You feel very buoyant.
You fly up into the air.
Ijyb screams, "Die!"
You feel very mighty all of a sudden.
Ijyb zaps a wand.
Your mind is blasted!
Ouch! That really hurt!
You die...
Your body glows with a rainbow of weird colours and disappears.

......#.# #.#
#.#...##.# ####
##.####.#
#.####.....##.# #...
#.#
#<####.............#
#.#. #.#
#...........#.#.####
#.## #.#
##########.#..#.#
#.# #.#
..<....###.#.####
#.# #.# .####.#
##.....#####.## #.#
##.###.#.##.....#.#.
#.#
#@#.##.########.##
#....#.###.# #.#
#.##.### #.# #.# #.
#.## ### #.# #. #..#
#.###.# #g ##.#
#.##..# #.
###.###.##.##
##.####.......##.#
........#.######.#


You could see Ijyb.

Vanquished Creatures
  5 adders
  2 worms (D:2)
  2 dart slugs (D:1)
  4 ball pythons
  7 endoplasms
  2 giant cockroaches (D:1)
  2 goblins (D:2)
  2 hobgoblins
  2 jackals (D:2)
  5 bats
  5 frilled lizards
  4 kobolds
  5 rats
47 creatures vanquished.

Vanquished Creatures (collateral kills)
  A frilled lizard (D:1)
1 creature vanquished.

Grand Total: 48 creatures vanquished

Notes
Turn   | Place    | Note
-------+----------+-------------------------------------------
     0 | D:1      | zdrol the Minotaur Fighter began the quest for the Orb.
     0 | D:1      | Reached XP level 1. HP: 19/19 MP: 0/0
    88 | D:1      | Found a faded altar of an unknown god.
    93 | D:1      | Became a worshipper of Nemelex Xobeh the Trickster
    93 | D:1      | Reached * piety under Nemelex Xobeh
   226 | D:1      | Received a gift from Nemelex Xobeh
   264 | D:1      | Reached XP level 2. HP: 26/27 MP: 1/1
   740 | D:2      | Reached XP level 3. HP: 33/33 MP: 2/2
   954 | D:3      | Reached ** piety under Nemelex Xobeh
   975 | D:2      | Received a gift from Nemelex Xobeh
  1147 | D:2      | Reached XP level 4. HP: 40/40 MP: 3/3
  1520 | D:3      | Found a stormy altar of Qazlal.
  1567 | D:3      | Found a bloodstained altar of Trog.
  2170 | D:3      | Noticed Ijyb
  2172 | D:3      | Blown up by Ijyb

Illustrated notes

Levels and vault maps discovered:
D:1:      eino_arrival_water_cross, layout_loops_cross, basic_ecumenical_altar
D:2:      layout_basic
D:3:      layout_loops_ring, mainiacjoe_overflow_chevrons, lemuel_crystal_altar,
          serial_co_window_serial, co_window_paths_b, co_window_corner_a,
          co_window_paths_a, co_window_paths_a, co_window_cross_1,
          co_window_paths_a, co_window_paths_a, co_window_corner_a,
          co_window_corner_a, co_window_of_opportunity_b, co_window_corner_b,
          co_window_broadway_a, co_window_2corner, co_window_unsneaky_path_a,
          co_window_corner_cb, co_window_4corner_a, glass_columns_c, uniq_ijyb
D:4:      layout_cave_pods, minmay_temple_entry_proselytizer, serial_shops,
          shop_fountains, uniq_sigmund, uniq_crazy_yiuf_cottage, uniq_menkaure

Skill      XL: |  1  2 |
---------------+-------+-----
Shields        | 4 |  4.6
Fighting       | 4 |  4.3
Armour         | 4 |  4.8
Long Blades    | |  2.9
Dodging        | |  0.3

Action                   |  1- 3 |  4- 6 || total
-------------------------+-------+-------++-------
Melee: Long sword        |    58 |    25 ||    83
       Headbutt          |    12 |     5 ||    17
Invok: Draw Summoning    |     1 |       ||     1
       Draw Destruction  |     3 |       ||     3
  Use: Scroll            |     3 |     3 ||     6
       Potion            |       |     2 ||     2
Armor: Scale mail        |    26 |    12 ||    38
Dodge: Dodged            |    23 |    10 ||    33
Block: Kite shield       |    41 |    13 ||    54
       Rpst.: Long sword |     3 |     3 ||     6
